 Dungeon Crawl Stone Soup version 0.23.2-33-g5129a83184 (webtiles) character file.

Game seed: 11867092624704154777

86 doot the Magician (level 4, -5/24 HPs)
             Began as a Deep Elf Wizard on July 17, 2019.
             Slain by a goblin
             ... wielding a cursed +0 club
             ... led by Robin
              (7 damage)
             ... on level 2 of the Dungeon.
             The game lasted 00:04:48 (2097 turns).

doot the Magician (Deep Elf Wizard)                 Turns: 2097, Time: 00:04:49

Health: -5/24      AC:  2    Str:  4    XL:     4   Next: 26%
Magic:  12/14      EV: 13    Int: 24    God:
Gold:   53         SH:  0    Dex: 13    Spells: 4/15 levels left

rFire    . . .     SeeInvis .   (no weapon)
rCold    . . .     Gourm    .   (no shield)
rNeg     . . .     Faith    .   a - +0 robe
rPois    .         Spirit   .   b - +0 hat
rElec    .         Reflect  .   (no cloak)
rCorr    .         Harm     .   (no gloves)
MR       .....                  (no boots)
Stlth    ++........             (no amulet)
HPRegen  0.08/turn              (no ring)
MPRegen  0.14/turn              (no ring)

@: no status effects
A: no striking features
a: no special abilities


You were on level 2 of the Dungeon.
You were not hungry.

You visited 1 branch of the dungeon, and saw 3 of its levels.

You collected 53 gold pieces.

Inventory:

Armour
 a - a +0 robe (worn)
 b - a +0 hat (worn)
Scrolls
 c - a scroll of fear {unknown}
 e - a scroll of remove curse {unknown}
 h - a scroll of amnesia {unknown}
 j - a scroll of noise {unknown}
Potions
 g - a potion of brilliance {unknown}
 i - a potion of lignification {unknown}
Comestibles
 d - 5 rations
 f - 6 chunks of flesh


   Skills:
 + Level 2.8 Dodging
 + Level 2.8 Stealth
 + Level 6.3 Spellcasting
 + Level 2.1 Conjurations
 + Level 1.1 Summonings
 + Level 1.1 Translocations


You had 4 spell levels left.
You knew the following spells:

 Your Spells              Type           Power        Failure   Level  Hunger
a - Magic Dart            Conj           ###.         3%          1    None
b - Blink                 Tloc           N/A          8%          2    None
c - Call Imp              Summ           ##......     8%          2    None
d - Conjure Flame         Conj/Fire      ##......     16%         3    None
e - Mephitic Cloud        Conj/Pois/Air  ##......     17%         3    None

Your spell library contained the following spells:

 Spells                   Type           Power        Failure   Level  Hunger
 Slow                     Hex            #.......     12%         2    None


Dungeon Overview and Level Annotations

Branches:
Dungeon (3/15)

Altars:
Nemelex Xobeh

Annotations:
D:2 Robin


Message History

Found a stone staircase leading up and a stone staircase leading down.
There is a stone staircase leading up, spattered with blood here.
The goblin misses you. The goblin hits you. The goblin misses you.
The goblin hits you but does no damage. The goblin hits you with a +0 club.
* * * LOW HITPOINT WARNING * * *
Robin roars a battlecry!
The goblins go into a battle-frenzy!
The goblin hits you with a cursed +0 club.
* * * LOW HITPOINT WARNING * * *
You climb upwards.
There is a stone staircase leading down here.
Unknown command.
Unknown command.
Unknown command.
Casting: Magic Dart (safe; 3% risk of failure)
Confirm with . or Enter, or press ? or * to list all spells.
You blink.
Robin throws the goblin at you!
* * * LOW HITPOINT WARNING * * *
The goblin hits you with a cursed +0 club!
You die...

......# #.###'####
......# #.)##.#
......# #####.##.#
......# #.....##.#
......# #..[...#.#
......# #......#.#
..(...# #........#
......# #.>...#.g#
......####.....#@.#
........##.....#gg#
....รท.#.#########)#
.####.#.#########g#
.# #.#.......gg.g#
## #....##########
###.....#
#######.....#
.....##.....#


You could see Robin and 4 goblins.

Vanquished Creatures
  2 adders (D:2)
  A worm (D:2)
  3 dart slugs
  A leopard gecko (D:2)
  3 ball pythons
  2 giant cockroaches (D:1)
  4 goblins
  5 hobgoblins
  5 jackals (D:2)
  10 kobolds
  A quokka (D:2)
  4 bats
  4 frilled lizards
  6 rats
51 creatures vanquished.

Vanquished Creatures (collateral kills)
  An adder (D:2)
  A goblin (D:2)
2 creatures vanquished.

Grand Total: 53 creatures vanquished

Notes
Turn   | Place    | Note
-------+----------+-------------------------------------------
     0 | D:1      | doot the Deep Elf Wizard began the quest for the Orb.
     0 | D:1      | Reached XP level 1. HP: 10/10 MP: 7/7
   104 | D:1      | Found a sparkling altar of Nemelex Xobeh.
   183 | D:1      | Reached skill level 5 in Spellcasting
   183 | D:1      | Reached XP level 2. HP: 15/15 MP: 8/10
   187 | D:1      | Learned a level 2 spell: Blink
   190 | D:1      | Learned a level 2 spell: Call Imp
   858 | D:2      | Reached XP level 3. HP: 19/19 MP: 4/12
   869 | D:2      | Learned a level 3 spell: Conjure Flame
   881 | D:2      | Learned a level 3 spell: Mephitic Cloud
  1484 | D:2      | Reached skill level 6 in Spellcasting
  1740 | D:2      | Reached XP level 4. HP: 19/24 MP: 4/14
  2094 | D:3      | Noticed Robin
  2097 | D:2      | Slain by a goblin

Skill      XL: |  1  2  3  4 |
---------------+-------------+-----
Spellcasting   | 5 6 |  6.3
Conjurations   | 2 |  2.1
Dodging        | |  2.8
Stealth        | |  2.8
Summonings     | |  1.1
Translocations | |  1.1

Action                   |  1- 3 |  4- 6 || total
-------------------------+-------+-------++-------
Melee: Unarmed           |     1 |       ||     1
 Cast: Magic Dart        |   102 |    21 ||   123
       Conjure Flame     |     1 |     1 ||     2
       Mephitic Cloud    |     1 |       ||     1
       Call Imp          |     1 |       ||     1
       Blink             |       |     1 ||     1
  Eat: Chunk             |     2 |     1 ||     3
Armor: Robe              |     4 |     3 ||     7
Dodge: Dodged            |    21 |     9 ||    30
